 Dungeon Sprint DCSS version 0.19.5 (webtiles) character file.

1567 Lexie the Slayer (level 8, -2/126 HPs)
             Began as an Ogre Hunter on June 1, 2017.
             Was a Priest of Okawaru.
             Succumbed to a green ugly thing's poison
             ... in the Dungeon (Sprint IX: "|||||||||||||||||||||||||||||").
             The game lasted 00:02:41 (625 turns).

Lexie the Slayer (Ogre Hunter)                       Turns: 625, Time: 00:02:42

Health: -2/126     AC: 12    Str: 20    XL:     8   Next: 90%
Magic:  9/9        EV: 10    Int: 10    God:    Okawaru [***...]
Gold:   0          SH:  0    Dex: 13    Spells: 0 memorised, 7 levels left

rFire  . . .     SeeInvis .     p - +2 dire flail (protect)
rCold  . . .     Gourm    .     b - +0 robe
rNeg   . . .     Faith    .     (shield currently unavailable)
rPois  .         Spirit   .     (helmet restricted)
rElec  .         Reflect  .     (no cloak)
rCorr  .         Harm     .     (gloves unavailable)
MR     .....     NoTele   +     (boots unavailable)
Stlth  +.........               (no amulet)
                                q - +3 ring of dexterity
                                r - +2 ring of protection

@: lethally poisoned (-2 -> -42), protection aura
A: unfitting armour, tough skin 1
a: Heroism, Renounce Religion


You were in the Dungeon.
You worshipped Okawaru.
Okawaru was most pleased with you.
You were not hungry.

You visited 1 branch

Inventory:

Hand Weapons
 a - a +0 short sword
 h - a +0 giant spiked club
 p - a +2 dire flail of protection (weapon)
Missiles
 c - 5 large rocks (quivered)
 d - 2 throwing nets
Armour
 b - a +0 robe (worn)
Jewellery
 q - a +3 ring of dexterity (right hand)
 r - a +2 ring of protection (left hand)
Wands
 o - a wand of iceblast (7/15)
Scrolls
 k - 2 scrolls of blinking
 m - 3 scrolls of remove curse
 n - 2 scrolls of amnesia
Potions
 e - 3 potions of curing
 i - 4 potions of magic
 j - a potion of invisibility
Comestibles
 f - a bread ration


   Skills:
 + Level 22.0 Fighting
 - Level 4.0 Throwing
 - Level 1.7 Dodging
 - Level 0.6 Stealth
 + Level 1.4 Invocations


You had 7 spell levels left.
You didn't know any spells.

Dungeon Overview and Level Annotations

Branches:
Dungeon (1/1)

Altars:
Cheibriados
Dithmenos
Elyvilon
Fedhas
Gozag
Hepliaklqana
Kikubaaqudgha
Makhleb
Nemelex Xobeh
Okawaru
Qazlal
Ru
Sif Muna
Trog
Uskayaw
Vehumet
Xom
Yredelemnul
Zin
The Shining One
Beogh
Jiyva
Lugonu


Innate Abilities, Weirdness & Mutations

You are too large for most types of armour.
You have tough skin. (AC +1)


Message History

You closely miss the green ugly thing.
The green ugly thing is severely wounded.
You feel very sick.
The green ugly thing claws you but does no damage.
The green ugly thing misses you.
You sock the green ugly thing!
The green ugly thing is almost dead.
You feel sick. The green ugly thing claws you.
* * * LOW HITPOINT WARNING * * *
You are more poisoned.
The green ugly thing poisons you!
You hit the green ugly thing.
The green ugly thing is almost dead.
* * * LOW HITPOINT WARNING * * *
You feel very sick.
The crimson imp blinks!
The green ugly thing claws you.
* * * LOW HITPOINT WARNING * * *
You hit the green ugly thing.
The green ugly thing is almost dead.
You die... ▓▓▓▓▓▓▓▓▓▓▓▓▓▓▓▓▓▓▓▓▓▓▓▓ ..|)[[[.()......@u{l5..+ ▓▓▓▓▓▓▓▓▓▓▓▓▓▓▓▓▓▓▓▓▓▓▓▓

You could see a green ugly thing, a wyvern and a crimson imp.

Vanquished Creatures
  2 hill giants (D)
  A yak (D)
  A sky beast (D)
  An ice beast (D)
  An ogre (D)
  A centaur (D)
  A scorpion (D)
  A howler monkey (D)
  An iguana (D)
  A worker ant (D)
  A shadow imp (D)
  An orc (D)
  A bat (D)
  2 goblins (D)
  2 rats (D)
18 creatures vanquished.

Notes
Turn   | Place    | Note
-------+----------+-------------------------------------------
     0 | D        | Lexie the Ogre Hunter began the quest for the Orb.
     0 | D        | Reached XP level 1. HP: 22/22 MP: 1/1
     6 | D        | Reached skill level 3 in Fighting
    10 | D        | Reached skill level 4 in Fighting
    29 | D        | Reached skill level 5 in Fighting
   137 | D        | Noticed a scorpion
   137 | D        | Noticed a howler monkey
   137 | D        | Noticed an ogre
   143 | D        | Killed a scorpion
   143 | D        | Reached skill level 9 in Fighting
   143 | D        | Reached XP level 2. HP: 45/45 MP: 2/2
   143 | D        | Reached XP level 3. HP: 53/53 MP: 3/3
   147 | D        | Reached skill level 11 in Fighting
   147 | D        | Reached XP level 4. HP: 65/65 MP: 4/4
   156 | D        | Killed an ogre
   156 | D        | Reached skill level 13 in Fighting
   156 | D        | Reached XP level 5. HP: 78/78 MP: 5/5
   229 | D        | Found a roughly hewn altar of Beogh.
   229 | D        | Found a snail-covered altar of Cheibriados.
   229 | D        | Found a shadowy altar of Dithmenos.
   229 | D        | Found a white marble altar of Elyvilon.
   229 | D        | Found a blossoming altar of Fedhas.
   229 | D        | Found an opulent altar of Gozag.
   230 | D        | Found a hazy altar of Hepliaklqana.
   231 | D        | Found a viscous altar of Jiyva.
   232 | D        | Found an ancient bone altar of Kikubaaqudgha.
   233 | D        | Found a corrupted altar of Lugonu.
   234 | D        | Found a burning altar of Makhleb.
   235 | D        | Found a sparkling altar of Nemelex Xobeh.
   236 | D        | Found an iron altar of Okawaru.
   237 | D        | Found a stormy altar of Qazlal.
   238 | D        | Found a sacrificial altar of Ru.
   239 | D        | Found a deep blue altar of Sif Muna.
   240 | D        | Found a bloodstained altar of Trog.
   241 | D        | Found a hide-covered altar of Uskayaw.
   242 | D        | Found a radiant altar of Vehumet.
   243 | D        | Found a shimmering altar of Xom.
   244 | D        | Found a basalt altar of Yredelemnul.
   246 | D        | Became a worshipper of Warmaster Okawaru
   248 | D        | Found a glowing silver altar of Zin.
   249 | D        | Found a glowing golden altar of the Shining One.
   278 | D        | Noticed an ice beast
   278 | D        | Noticed a centaur
   278 | D        | Noticed a hill giant
   278 | D        | Noticed a sky beast
   291 | D        | Killed a hill giant
   291 | D        | Reached * piety under Okawaru
   291 | D        | Reached ** piety under Okawaru
   291 | D        | Reached skill level 18 in Fighting
   291 | D        | Reached XP level 6. HP: 37/100 MP: 6/6
   291 | D        | Reached XP level 7. HP: 40/107 MP: 7/7
   296 | D        | Reached skill level 19 in Fighting
   317 | D        | Reached skill level 20 in Fighting
   317 | D        | Reached XP level 8. HP: 43/120 MP: 8/8
   594 | D        | Noticed a yak
   594 | D        | Noticed a hill giant
   594 | D        | Noticed a wyvern
   594 | D        | Noticed a green ugly thing
   598 | D        | Killed a yak
   598 | D        | Reached *** piety under Okawaru
   604 | D        | Killed a hill giant
   604 | D        | Reached skill level 22 in Fighting
   604 | D        | Reached skill level 1 in Invocations
   624 | D        | HP: 2/126 [green ugly thing (5)]
   625 | D        | Succumbed to a green ugly thing's poison

Skill      XL: |  1  2  3  4  5  6  7  8 |
---------------+-------------------------+-----
Fighting       | 9 11 13 18 20 22 | 22.0
Invocations    | 1 |  1.4
Throwing       | |  4.0
Dodging        | |  1.7
Stealth        | |  0.6

Action                   |  1- 3 |  4- 6 |  7- 9 || total
-------------------------+-------+-------+-------++-------
Melee: Short sword       |    28 |     7 |       ||    35
       Dire flail        |       |    13 |    54 ||    67
Invok: Heroism           |       |       |     1 ||     1
  Use: Potion            |     2 |       |     5 ||     7
Armor: Robe              |     8 |     2 |    22 ||    32
Dodge: Dodged            |    23 |     9 |    17 ||    49
